 Dungeon Crawl Stone Soup version 0.20.1-1-g8b1a95d (webtiles) character file.

12426 Weenaru the Carver (level 12, 0/123 HPs)
             Began as a Human Fighter on July 17, 2017.
             Was a Priest of Okawaru.
             Succumbed to a black mamba's poison
             ... on level 1 of the Lair of Beasts.
             The game lasted 01:35:50 (8072 turns).

Weenaru the Carver (Human Fighter)                  Turns: 8072, Time: 01:35:51

Health: 0/123      AC: 26    Str: 20    XL:     12   Next: 20%
Magic:  13/13      EV:  2    Int:  7    God:    Okawaru [***...]
Gold:   500        SH: 12    Dex: 19    Spells: 11/11 levels left

rFire    x . .     SeeInvis .   Z - +4 long sword
rCold    + . .     Gourm    .   c - +0 shield
rNeg     + + +     Faith    .   (armour currently unavailable)
rPois    +         Spirit   .   (helmet currently unavailable)
rElec    .         Reflect  .   (cloak currently unavailable)
rCorr    .         Harm     .   (gloves currently unavailable)
MR       .....     NoTele   +   (boots currently unavailable)
Stlth    +++.......             x - amulet of regeneration
Regen    0.3/turn               y - ring of ice
MPRegen  0.2/turn               (no ring)

@: agile, lethally poisoned (0 -> 0), tree-form, vulnerable, berserk cooldown,
slowed, very slow
A: blurry vision 1, dopey 1, frail 1
a: Heroism, Renounce Religion


You were on level 1 of the Lair of Beasts.
You worshipped Okawaru.
Okawaru was most pleased with you.
You were completely stuffed.
You were a tree.
You visited 3 branches of the dungeon, and saw 10 of its levels.

You collected 500 gold pieces.

Inventory:

Hand Weapons
 w - a +0 hand crossbow
 F - a +1 falchion of flaming
 M - a +2 short sword of draining
 V - a +1 great sword
 Z - a +4 long sword (weapon)
Missiles
 i - 59 bolts
 j - 199 arrows
 K - 8 tomahawks (quivered)
Armour
 c - a +0 shield (worn)
 d - the +1 helmet "Azagrio" (melded) {rF+ MR+ Int-4 Dex+5}
   (You took it off Robin on level 2 of the Dungeon)

   It affects your intelligence (-4).
   It affects your dexterity (+5).
   It protects you from fire.
   It affects your resistance to hostile enchantments.
 o - a +0 hat
 p - a +0 pair of gloves (melded)
 C - a +1 plate armour (melded)
 N - a +1 scale mail of cold resistance
Jewellery
 x - an amulet of regeneration (around neck)
 y - a ring of ice (left branch)
 D - an uncursed amulet of the gourmand
 U - an uncursed amulet of rage
Wands
 b - a wand of iceblast (8/15)
 e - a wand of scattershot (7/9)
 z - a wand of lightning (8/15)
 A - a wand of digging (4/24)
 E - a wand of confusion (27/48)
 I - a wand of iceblast (4/15)
 L - a wand of confusion (20/48)
 P - a wand of flame (25/48)
 Q - a wand of polymorph (15/24)
 R - a wand of polymorph (11/24)
Scrolls
 a - a scroll of immolation
 g - a scroll of summoning
 l - a scroll of amnesia
 m - 2 scrolls of enchant armour
 q - a scroll of recharging
 s - 5 scrolls of remove curse
 t - a scroll of identify
 B - 2 scrolls of enchant weapon
 S - 3 scrolls of teleportation
Potions
 r - 2 potions of brilliance
 J - a potion of flight
Books
 h - a book of Callings

   Spells                             Type                      Level
   a - Summon Small Mammal            Summoning                    1
   b - Call Imp                       Summoning                    2
   c - Call Canine Familiar           Summoning                    3
   d - Summon Guardian Golem          Hexes/Summoning              3
   e - Summon Lightning Spire         Summoning/Air                4
   f - Summon Ice Beast               Ice/Summoning                4
 G - a book of Cantrips

   Spells                             Type                      Level
   a - Confusing Touch                Hexes                        1
   b - Animate Skeleton               Necromancy                   1
   c - Summon Small Mammal            Summoning                    1
   d - Apportation                    Translocation                1
 Y - a book of Minor Magic

   Spells                             Type                      Level
   a - Magic Dart                     Conjuration                  1
   b - Blink                          Translocation                2
   c - Call Imp                       Summoning                    2
   d - Slow                           Hexes                        2
   e - Conjure Flame                  Conjuration/Fire             3
   f - Mephitic Cloud                 Conjuration/Poison/Air       3
Comestibles
 k - a bread ration
 v - 3 meat rations


   Skills:
 + Level 8.1 Fighting
 + Level 0.4(6.5) Short Blades
 + Level 10.3 Long Blades
 + Level 0.6 Throwing
 + Level 9.2 Armour
 + Level 5.2 Dodging
 + Level 0.4 Stealth
 + Level 9.6 Shields
 + Level 1.5 Invocations
 + Level 1.4 Evocations


You had 11 spell levels left.
You didn't know any spells.

Dungeon Overview and Level Annotations

Branches:
Dungeon (8/15)             Temple (1/1) D:4            Lair (1/6) D:8

Altars:
Ashenzari
Cheibriados
Elyvilon
Fedhas
Gozag
Hepliaklqana
Kikubaaqudgha
Makhleb
Nemelex Xobeh
Okawaru
Qazlal
Sif Muna
Trog
Uskayaw
Vehumet
Xom
Yredelemnul
Zin
The Shining One


Innate Abilities, Weirdness & Mutations

Scrolls take you a little longer to read.
((Armour fits poorly on your strangely shaped body.))
You are dopey. (Int -2)
You are frail. (-10% HP)


Message History

Magic restored.
You begin reading the scroll.
You continue reading the scroll.
* * * LOW HITPOINT WARNING * * *
You feel sick.
As you read the scroll labeled BORONA WIKHLIA, it crumbles to dust.
You hear a loud clanging noise!
It was a scroll of noise.
You remove your amulet of rage.
You sense that the amulet cannot attune itself to your injured body.
x - an amulet of regeneration (around neck)
* * * LOW HITPOINT WARNING * * *
You feel sick.
You eat one of the 2 royal jellies.
That royal jelly was delicious!
You eat one of the 4 meat rations.
That meat ration really hit the spot!
* * * LOW HITPOINT WARNING * * *
You feel sick.
You eat the royal jelly.
That royal jelly was delicious!
You're too full to eat anything.
You cannot move.
You die...

#.### P....
#....####....
............####
....>...........
................
................
......Sl........
......F♣........
.............###
......##...###
.##### #...#
##..## .....
#...# P.....#
##..## #.......
#[..## #.......
##...###.......


You could see a friendly komodo dragon, a friendly spiny frog and a friendly
water moccasin.

Vanquished Creatures
  Pikel (D:4)
  A black mamba (Lair:1)
  The ghost of BakaWarrior999 the Shooter, a novice HuHu (D:4)
  2 komodo dragons (Lair:1)
  A hippogriff (D:7)
  Grinder (D:3)
  Prince Ribbit (D:8)
  A wyvern (D:8)
  Duvessa (D:6)
  3 water moccasins
  A porcupine (Lair:1)
  2 ice beasts (D:6)
  An orc warrior (D:7)
  A sky beast (D:7)
  2 phantoms (D:5)
  2 ogres
  6 wolves (Lair:1)
  A centaur (D:5)
  Blork the orc (D:5)
  4 bullfrogs
  Dowan (D:6)
  4 scorpions
  6 killer bees (D:7)
  4 wights (D:8)
  The ghost of Cral the Shooter, a weakling BaAM (D:3)
  A howler monkey (D:4)
  2 centaur zombies
  A bullfrog zombie (D:8)
  3 crimson imps
  A hound (D:5)
  A centaur skeleton (D:6)
  8 orc priests
  A bullfrog skeleton (D:6)
  3 worker ants
  Ijyb (D:4)
  Terence (D:3)
  Natasha (twice) (D:4)
  11 orc wizards
  A hound zombie (D:5)
  2 hound skeletons
  Robin (D:2)
  A worker ant zombie (D:7)
  7 adders
  3 shadow imps
  An ooze (D:3)
  An adder zombie (D:5)
  An adder skeleton (D:5)
  5 dart slugs
  11 leopard geckos
  41 orcs
  A ball python (D:3)
  9 bats
  4 giant cockroaches
  19 goblins
  6 hobgoblins
  4 jackals (D:4)
  5 quokkas
  6 frilled lizards
  10 kobolds
  6 rats
  A fungus (Lair:1)
232 creatures vanquished.

Vanquished Creatures (collateral kills)
  A water moccasin (Lair:1)
1 creature vanquished.

Vanquished Creatures (others)
  Natasha (D:4)
1 creature vanquished.

Grand Total: 234 creatures vanquished

Notes
Turn   | Place    | Note
-------+----------+-------------------------------------------
     0 | D:1      | Weenaru the Human Fighter began the quest for the Orb.
     0 | D:1      | Reached XP level 1. HP: 18/18 MP: 1/1
    94 | D:1      | Reached XP level 2. HP: 21/24 MP: 2/2
   347 | D:1      | Reached XP level 3. HP: 29/29 MP: 3/3
   898 | D:2      | Reached XP level 4. HP: 35/35 MP: 4/4
  1064 | D:2      | Noticed Robin
  1102 | D:2      | Killed Robin
  1102 | D:2      | Reached skill level 3 in Long Blades
  1114 | D:2      | Got an ancient helmet
  1138 | D:2      | Identified the +1 helmet "Azagrio" {rF+ MR+ Int-4 Dex+5} (You took it off Robin on level 2 of the Dungeon)
  1417 | D:2      | Found a faded altar of an unknown god.
  1419 | D:2      | Became a worshipper of Cheibriados the Contemplative
  1419 | D:2      | Reached * piety under Cheibriados
  1451 | D:2      | Reached XP level 5. HP: 41/41 MP: 5/5
  1554 | D:2      | Reached skill level 1 in Dodging
  1769 | D:3      | Noticed Grinder
  1777 | D:3      | Paralysed by Grinder for 3 turns
  1785 | D:3      | Killed Grinder
  1785 | D:3      | Reached skill level 4 in Long Blades
  1785 | D:3      | Reached XP level 6. HP: 39/48 MP: 6/6
  1846 | D:3      | Reached XP level 7. HP: 49/54 MP: 7/7
  2009 | D:3      | Reached skill level 5 in Long Blades
  2045 | D:3      | Noticed Cral's ghost (weakling BaAM)
  2066 | D:3      | Killed Cral's ghost
  2101 | D:3      | Reached ** piety under Cheibriados
  2219 | D:3      | Noticed Terence
  2232 | D:3      | Killed Terence
  2320 | D:3      | Found a burning altar of Makhleb.
  2332 | D:3      | Found a snail-covered altar of Cheibriados.
  2524 | D:4      | Noticed BakaWarrior999's ghost (novice HuHu)
  2568 | D:4      | Killed BakaWarrior999's ghost
  2568 | D:4      | Reached XP level 8. HP: 36/61 MP: 8/8
  2677 | D:4      | Noticed Ijyb
  2699 | D:4      | Killed Ijyb
  2864 | D:4      | Noticed Natasha
  2874 | D:4      | Killed Natasha
  2874 | D:4      | Reached skill level 6 in Long Blades
  2890 | D:4      | Found a staircase to the Ecumenical Temple.
  2901 | Temple   | Entered the Ecumenical Temple
  3099 | Temple   | Fell from the grace of Cheibriados
  3099 | Temple   | Became a worshipper of Warmaster Okawaru
  3226 | D:4      | Noticed Pikel
  3282 | D:4      | Killed Pikel
  3282 | D:4      | Reached skill level 5 in Fighting
  3282 | D:4      | Reached skill level 5 in Armour
  3282 | D:4      | Reached skill level 5 in Shields
  3282 | D:4      | Reached XP level 9. HP: 64/68 MP: 9/9
  3345 | D:4      | Noticed Natasha
  3348 | D:4      | Killed Natasha
  3388 | D:4      | Killed Natasha
  3612 | D:5      | Entered Level 5 of the Dungeon
  3645 | D:5      | Reached * piety under Okawaru
  3751 | D:5      | Reached skill level 7 in Long Blades
  3877 | D:5      | Gained mutation: Scrolls take you a little longer to read. [mutagenic glow]
  4073 | D:5      | Noticed Blork the orc
  4091 | D:5      | Killed Blork the orc
  4660 | D:6      | Noticed Duvessa
  4660 | D:6      | Noticed Dowan
  4687 | D:6      | Killed Duvessa
  4691 | D:6      | Killed Dowan
  4792 | D:6      | Found a shattered altar of Ashenzari.
  5045 | D:6      | Noticed a soul eater
  5076 | D:6      | Reached ** piety under Okawaru
  5495 | D:6      | Reached XP level 10. HP: 41/76 MP: 10/10
  5495 | D:6      | Gained mutation: You are dopey. (Int -2) [mutagenic glow]
  5529 | D:6      | Gained mutation: Armour fits poorly on your strangely shaped body. [mutagenic glow]
  5831 | D:7      | Reached skill level 8 in Long Blades
  6082 | D:7      | HP: 3/77 [something (5)]
  6085 | D:7      | Reached skill level 1 in Invocations
  6106 | D:7      | Gained mutation: You are frail. (-10% HP) [mutagenic meat]
  6107 | D:7      | Gained mutation: You are very frail. (-20% HP) [mutagenic meat]
  6108 | D:7      | Lost mutation: You are very frail. (-20% HP) [mutagenic meat]
  6973 | D:8      | Was forgiven by Cheibriados
  7278 | D:8      | Noticed Prince Ribbit
  7295 | D:8      | Killed Prince Ribbit
  7352 | D:8      | Reached *** piety under Okawaru
  7407 | D:8      | Found a staircase to the Lair.
  7422 | D:8      | Reached skill level 9 in Long Blades
  7446 | Lair:1   | Entered Level 1 of the Lair of Beasts
  7469 | Lair:1   | Reached XP level 11. HP: 33/74 MP: 8/11
  7804 | Lair:1   | Reached skill level 1 in Evocations
  8057 | Lair:1   | Reached skill level 10 in Long Blades
  8057 | Lair:1   | Reached skill level 5 in Dodging
  8057 | Lair:1   | Reached XP level 12. HP: 12/82 MP: 11/13
  8063 | Lair:1   | HP: 6/123 [poisoned by a black mamba]
  8063 | Lair:1   | HP: 2/123 [water moccasin (4)]
  8068 | Lair:1   | HP: 1/123 [poisoned by a black mamba]
  8072 | Lair:1   | Succumbed to a black mamba's poison

Skill      XL: |  1  2  3  4  5  6  7  8  9 10 11 |
---------------+----------------------------------+-----
Long Blades    | 3 4 5 6 7 9 10 | 10.3
Dodging        | 1 2 3 5 |  5.2
Fighting       | 4 5 6 8 |  8.1
Shields        | 4 5 6 8 9 |  9.6
Armour         | 4 5 6 7 9 |  9.2
Invocations    | 1 |  1.5
Evocations     | 1 |  1.4
Short Blades   | |  0.4
Throwing       | |  0.6
Stealth        | |  0.4

Action                   |  1- 3 |  4- 6 |  7- 9 | 10-12 || total
-------------------------+-------+-------+-------+-------++-------
Melee: Long sword        |   100 |   130 |    69 |   125 ||   424
       Falchion          |       |       |   479 |   209 ||   688
       Short sword       |       |       |    27 |       ||    27
       Morningstar       |       |       |       |     1 ||     1
Throw: Tomahawk          |       |       |     4 |     2 ||     6
Invok: Heroism           |       |       |     7 |     8 ||    15
 Abil: Evoke Berserk Rag |       |       |       |     5 ||     5
Evoke: Wand              |       |       |       |     2 ||     2
  Use: Potion            |       |     1 |    10 |     8 ||    19
       Scroll            |       |       |    11 |     5 ||    16
  Eat: Chunk             |       |     3 |    22 |    23 ||    48
       Fruit             |       |       |     1 |       ||     1
       Bread ration      |       |       |     1 |     1 ||     2
       Royal jelly       |       |       |       |     3 ||     3
       Meat ration       |       |       |       |     1 ||     1
Armor: Scale mail        |    58 |    53 |    21 |       ||   132
       Plate armour      |       |       |   340 |   128 ||   468
       Skin              |       |       |       |     9 ||     9
Dodge: Dodged            |    29 |    35 |    96 |    89 ||   249
Block: Shield            |    55 |    67 |   312 |   184 ||   618
       Rpst.: Long sword |     9 |    10 |     8 |    20 ||    47
       Falchion          |       |       |    25 |    16 ||    41
